 Dungeon Crawl Stone Soup version 0.28.0 (webtiles) character file.

Game seed: 12271173133447257791

5154 GrayStillPlays the Blocker (level 10, -2/82 HPs)
             Began as a Gnoll Fighter on Feb 7, 2022.
             Was an Initiate of Ashenzari.
             Slain by an orc warrior (13 damage)
             ... on level 8 of the Dungeon.
             The game lasted 00:23:44 (13597 turns).

GrayStillPlays the Blocker (Gnoll Fighter)         Turns: 13597, Time: 00:23:45

Health: -2/82      AC: 10    Str: 15    XL:     10   Next: 59%
Magic:  18/18      EV: 11    Int: 12    God:    Ashenzari [......]
Gold:   487        SH:  6    Dex: 12    Spells: 19/19 levels left

rFire   + . .      SeeInvis .   l - +4 morningstar (freeze) {mace}
rCold   . . .      Faith    .   c - +0 buckler
rNeg    . . .      Spirit   .   F - +2 scale mail {rF+}
rPois   .          Reflect  .   (no helmet)
rElec   .          Harm     .   (no cloak)
rCorr   +          Rampage  .   (no gloves)
Will    .....                   (no boots)
Stlth   ++........              (no amulet)
HPRegen 0.23/turn               K - ring of resist corrosion
MPRegen 0.16/turn               (no ring)

@: no status effects
A: fangs 1, strong nose, distributed training
a: Renounce Religion, Curse Item


You were on level 8 of the Dungeon.
You worshipped Ashenzari.
Ashenzari was noncommittal.
You visited 2 branches of the dungeon, and saw 10 of its levels.
You also visited: Sewer.

You collected 487 gold pieces.


Innate Abilities, Weirdness & Mutations

You have very sharp teeth.
Your uncanny sense of smell can sniff out nearby items.
Your experience applies equally to all skills.


   Skills:
 + Level 8.6 Fighting
 + Level 5.4 Short Blades
 + Level 5.4 Long Blades
 + Level 7.2 Axes
 + Level 5.4 Maces & Flails
 + Level 5.4 Polearms
 + Level 5.4 Staves
 + Level 5.4 Slings
 + Level 5.4 Bows
 + Level 5.4 Crossbows
 + Level 5.4 Throwing
 + Level 8.6 Armour
 + Level 5.4 Dodging
 + Level 5.4 Stealth
 + Level 8.6 Shields
 + Level 5.4 Unarmed Combat
 + Level 5.4 Spellcasting
 + Level 4.4 Conjurations
 + Level 4.4 Hexes
 + Level 4.4 Summonings
 + Level 4.4 Necromancy
 + Level 4.4 Translocations
 + Level 4.4 Transmutations
 + Level 4.4 Fire Magic
 + Level 4.4 Ice Magic
 + Level 4.4 Air Magic
 + Level 4.4 Earth Magic
 + Level 4.4 Poison Magic
 + Level 6.0 Invocations
 + Level 5.4 Evocations


You had 19 spell levels left.
You didn't know any spells.
Your spell library contained the following spells:

 Spells                   Type           Power      Damage    Failure   Level
 Beastly Appendage        Tmut           28%        N/A       12%         1
 Wereblood                Tmut           14%        N/A       19%         2
 Dazzling Flash           Conj/Hex       28%        N/A       34%         3
 Spider Form              Tmut/Pois      14%        N/A       34%         3
 Cause Fear               Hex            7%         N/A       75%         4
 Agony                    Necr           14%        N/A       97%         5
 Silence                  Hex/Air        7%         N/A       97%         5
 Dragon Form              Tmut           7%         N/A       100%        7
 Dragon's Call            Summ           7%         N/A       100%        9

Inventory:

Hand Weapons
 a - a +3 short sword {short}
   (You took it off a wight on level 8 of the Dungeon)
 e - a +3 battleaxe {axe}
   (You took it off a wight on level 8 of the Dungeon)
 l - a +4 morningstar of freezing (weapon) {mace}
   (You took it off a wight on level 8 of the Dungeon)
 J - a +5 spear {polearm}
   (You took it off a wight on level 8 of the Dungeon)
Missiles
 h - 247 stones {throwing}
 i - 20 poisoned darts {throwing}
 n - 8 boomerangs {throwing}
 o - 129 arrows
 y - 73 bolts
 A - 50 sling bullets
 B - a throwing net (quivered) {=f!fthrowing}
 G - a curare-tipped dart {=fthrowing}
Armour
 c - a +0 buckler (worn)
 F - a +2 scale mail of fire resistance (worn)
   (You took it off Harold on level 7 of the Dungeon)
Jewellery
 K - a ring of resist corrosion (left hand)
   (You found it on level 9 of the Dungeon)
Wands
 s - a wand of digging (8)
   (You found it on level 4 of the Dungeon)
Scrolls
 b - 2 scrolls of identify {@r1}
 g - 3 scrolls of immolation {!r!r}
 k - a scroll of vulnerability {unknown}
 m - 4 scrolls of teleportation {@r4}
 p - 3 scrolls of amnesia {unknown}
 q - 3 scrolls of enchant armour {unknown}
 r - 2 scrolls of fear {unknown}
 t - 3 scrolls of holy word {unknown}
 v - a scroll of fog {unknown}
 H - a scroll of magic mapping {unknown}
 I - a scroll of blinking {unknown}
Potions
 d - 3 potions of might
 f - 2 potions of attraction {!q}
 j - 4 potions of curing {@q1}
 u - a potion of flight {unknown}
 w - a potion of degeneration {unknown}
 x - a potion of mutation {unknown}
 z - 4 potions of heal wounds {unknown}
 C - 2 potions of haste {unknown}
 D - 2 potions of lignification {unknown}
 E - a potion of berserk rage {unknown}

Dungeon Overview and Level Annotations

Branches:
Dungeon (9/15)             Temple (1/1) D:5             Orc (0/2) D:9
  Sewer (visited)
   Lair: D:8-11

Altars:
Ashenzari
Cheibriados
Dithmenos
Elyvilon
Fedhas
Gozag
Hepliaklqana
Kikubaaqudgha
Makhleb
Nemelex Xobeh
Okawaru
Qazlal
Ru
Sif Muna
Trog
Uskayaw
Vehumet
Wu Jian
Xom
Yredelemnul
Zin
The Shining One

Annotations:
D:9 3 runed translucent doors, exclusion: obsidian statue, dolemite99's ghost, novice DsBe

.#
.################
................#
.##############.#
................##
.#####...........#
.# #..##.#####.#
## #..##.# #g#
#..##.# #@#
#..##.# #o# ###
#..##.# #.# ..#
#.....# #.# #.#
#...### #.#
..####...# #.#
#........# #.#
#.####.#.#######.#
..# #...........#


You could see an orc warrior and a gnoll sergeant.


Message History

You hit the gnoll. You freeze the gnoll. Your bite misses the gnoll.
You block the orc warrior's attack.
The gnoll hits you with a +0 whip. 😮 HP[-4]
You take 4 damage, and now have 50/82 hp.
You closely miss the gnoll. You bite the gnoll, but do no damage.
The orc warrior barely misses you. The gnoll misses you.
The orc warrior hits you from afar with a +0 halberd!
* * * LOW HITPOINT WARNING * * *
😨 HP[-15]
You take 15 damage, and now have 35/82 hp.
You barely miss the gnoll. You block the gnoll's attack.
The orc warrior hits you from afar with a +0 halberd.
* * * LOW HITPOINT WARNING * * *
😨 HP[-4]
You take 4 damage, and now have 31/82 hp.
You closely miss the gnoll. Your bite misses the gnoll.
The gnoll closely misses you.
The orc warrior hits you but does no damage.
You block the gnoll's attack.
You closely miss the gnoll.
The orc warrior hits you from afar with a +0 halberd!
* * * LOW HITPOINT WARNING * * *
The gnoll closely misses you. 😱 HP[-14]
You take 14 damage, and now have 17/82 hp. 😱 HP[+1] 😱 HP[+1] 😱 HP[+1] 😨 HP[+1]
There is a stone staircase leading up here.
The gnoll barely misses you.
You climb upwards.
There is a stone staircase leading down here. 😨 HP[+1]
You start resting. 😎 HP[+60]
Your hp is fully restored (82).
Things that are here:
a +0 leather armour; a +0 hand axe {axe}
There is a stone staircase leading down here.
You climb downwards.
Level annotation: 3 runed translucent doors, exclusion: obsidian statue, dolemite99's ghost, novice DsBe The gnoll sergeant closely misses you.
The gnoll hits you but does no damage.
There is a stone staircase leading up here.
You puncture the gnoll! You freeze the gnoll.
You kill the gnoll!
You block the gnoll sergeant's attack. x2
The orc warrior hits you from afar with a +0 halberd. 😕 HP[-2]
You take 2 damage, and now have 80/82 hp.
Things that are here:
a +0 whip {mace}; a gnoll corpse You block the orc warrior's attack.
There is a stone staircase leading up here.
The gnoll sergeant hits you with a +3 spear of freezing.
The gnoll sergeant freezes you.
There is a stone staircase leading up here. 😕 HP[-4]
You take 4 damage, and now have 76/82 hp.
The orc warrior hits you with a +0 halberd!
The gnoll sergeant hits you with a +3 spear of freezing.
The gnoll sergeant freezes you.
You climb upwards.
There is a stone staircase leading down here. 😕 HP[-14]
You take 14 damage, and now have 62/82 hp.
You hit the orc warrior but do no damage.
You bite the orc warrior, but do no damage.
The orc warrior hits you with a +0 halberd!
The gnoll sergeant hits you with a +3 spear of freezing!
The gnoll sergeant freezes you.
The orc warrior hits you with a +0 halberd.
* * * LOW HITPOINT WARNING * * *
😨 HP[-22]
You take 22 damage, and now have 40/82 hp.
MASSIVE DAMAGE!! (PAUSE)
You hit the gnoll sergeant. You freeze the gnoll sergeant.
The gnoll sergeant hits you with a +3 spear of freezing!
* * * LOW HITPOINT WARNING * * *
The gnoll sergeant freezes you.
* * * LOW HITPOINT WARNING * * *
The orc warrior hits you with a +0 halberd.
* * * LOW HITPOINT WARNING * * *
😨 HP[-10]
You take 10 damage, and now have 30/82 hp.
You hit the gnoll sergeant. You freeze the gnoll sergeant.
The gnoll sergeant closely misses you.
The orc warrior hits you with a +0 halberd!
* * * LOW HITPOINT WARNING * * *
The gnoll sergeant hits you but does no damage. 😨 HP[-9]
You take 9 damage, and now have 21/82 hp.
You thump the gnoll sergeant! You freeze the gnoll sergeant.
You block the orc warrior's attack.
The gnoll sergeant hits you with a +3 spear of freezing!
* * * LOW HITPOINT WARNING * * *
The gnoll sergeant freezes you.
* * * LOW HITPOINT WARNING * * *
The orc warrior hits you with a +0 halberd!
You die...

Skill      XL: |  1  2  3  4  5  6  7  8  9 10 |
---------------+-------------------------------+-----
Invocations    | 1 2 3 4 5 6 |  6.0
Short Blades   | 1 2 4 5 |  5.4
Long Blades    | 1 2 4 5 |  5.4
Maces & Flails | 1 2 4 5 |  5.4
Polearms       | 1 2 4 5 |  5.4
Staves         | 1 2 4 5 |  5.4
Slings         | 1 2 4 5 |  5.4
Bows           | 1 2 4 5 |  5.4
Crossbows      | 1 2 4 5 |  5.4
Throwing       | 1 2 4 5 |  5.4
Dodging        | 1 2 4 5 |  5.4
Stealth        | 1 2 4 5 |  5.4
Unarmed Combat | 1 2 4 5 |  5.4
Spellcasting   | 1 2 4 5 |  5.4
Evocations     | 1 2 4 5 |  5.4
Conjurations   | 1 2 3 4 |  4.4
Hexes          | 1 2 3 4 |  4.4
Summonings     | 1 2 3 4 |  4.4
Necromancy     | 1 2 3 4 |  4.4
Translocations | 1 2 3 4 |  4.4
Transmutations | 1 2 3 4 |  4.4
Fire Magic     | 1 2 3 4 |  4.4
Ice Magic      | 1 2 3 4 |  4.4
Air Magic      | 1 2 3 4 |  4.4
Earth Magic    | 1 2 3 4 |  4.4
Poison Magic   | 1 2 3 4 |  4.4
Axes           | 5 6 7 |  7.2
Fighting       | 7 8 |  8.6
Armour         | 7 8 |  8.6
Shields        | 7 8 |  8.6

Action                   |  1- 3 |  4- 6 |  7- 9 | 10-12 || total
-------------------------+-------+-------+-------+-------++-------
Melee: War axe           |    46 |       |       |       ||    46
       Bite              |     9 |    12 |    35 |    21 ||    77
       Rapier            |    35 |   112 |   343 |    32 ||   522
       Unarmed           |       |       |    20 |       ||    20
       Morningstar       |       |       |       |   129 ||   129
       Spear             |       |       |       |    68 ||    68
Throw: Dart              |       |       |    44 |       ||    44
       Stone             |       |       |     1 |       ||     1
       Throwing net      |       |       |     1 |     1 ||     2
Evoke: Wand              |       |       |     5 |       ||     5
  Use: Scroll            |       |     4 |       |       ||     4
       Potion            |       |       |     4 |       ||     4
 Stab: Sleeping          |       |       |       |     1 ||     1
Armor: Scale mail        |    31 |    42 |   164 |    89 ||   326
       Skin              |       |       |     4 |       ||     4
Dodge: Dodged            |    41 |    37 |   163 |   120 ||   361
Block: Buckler           |    23 |    21 |   112 |    79 ||   235

Levels and vault maps discovered:
D:1:      ncdulo_halloftheorcs, layout_basic
D:2:      layout_loops_ring, dreamdust_ecumenical_altar_grove, kennysheep_boxes
D:3:      layout_loops_ring
D:4:      layout_loops_ring, mainiacjoe_overflow_paths
D:5:      layout_cave_pods, minmay_temple_entry_sparse_star,
          portal_sewer_entry_a
D:6:      layout_loops_ring
D:7:      layout_basic, gammafunk_temple_overflow_pools, uniq_harold,
          uniq_joseph, uniq_duvessa
D:8:      layout_loops_ring, lemuel_mausoleum_altar_kikubaaqudgha,
          guppyfry_early_elven_hall, uniq_psyche
D:9:      layout_cave_pods, gammafunk_temple_overflow_wave,
          kennysheep_orc_monster_closet_entryway, ebering_ghost_gozag,
          kb_rosetta
Temple:   regret_index_temple_sphere_string

Notes
Turn   | Place    | Note
-------+----------+-------------------------------------------
     0 | D:1      | GrayStillPlays the Gnoll Fighter began the quest for the
                  | Orb.
     0 | D:1      | Reached XP level 1. HP: 23/23 MP: 1/1
     0 | D:1      | magus.rc [v1.9.6]
   318 | D:1      | Reached XP level 2. HP: 23/29 MP: 2/2
   933 | D:2      | Reached XP level 3. HP: 35/35 MP: 3/3
  1006 | D:2      | Found a faded altar of an unknown god.
  1552 | D:3      | Reached skill level 1 in Invocations
  1790 | D:3      | Reached skill level 1 in Short Blades
  1790 | D:3      | Reached skill level 1 in Long Blades
  1790 | D:3      | Reached skill level 1 in Maces & Flails
  1790 | D:3      | Reached skill level 1 in Polearms
  1790 | D:3      | Reached skill level 1 in Staves
  1790 | D:3      | Reached skill level 1 in Slings
  1790 | D:3      | Reached skill level 1 in Bows
  1790 | D:3      | Reached skill level 1 in Crossbows
  1790 | D:3      | Reached skill level 1 in Throwing
  1790 | D:3      | Reached skill level 1 in Dodging
  1790 | D:3      | Reached skill level 1 in Stealth
  1790 | D:3      | Reached skill level 1 in Unarmed Combat
  1790 | D:3      | Reached skill level 1 in Spellcasting
  1790 | D:3      | Reached skill level 1 in Evocations
  1869 | D:3      | You pick up a book of Changes and begin reading...
  1869 | D:3      | You add the spells Beastly Appendage, Wereblood and Spider
                  | Form to your library.
  2143 | D:4      | Found a burning altar of Makhleb.
  2183 | D:4      | Reached XP level 4. HP: 41/41 MP: 5/5
  2314 | D:4      | Reached skill level 1 in Conjurations
  2314 | D:4      | Reached skill level 1 in Hexes
  2314 | D:4      | Reached skill level 1 in Summonings
  2314 | D:4      | Reached skill level 1 in Necromancy
  2314 | D:4      | Reached skill level 1 in Translocations
  2314 | D:4      | Reached skill level 1 in Transmutations
  2314 | D:4      | Reached skill level 1 in Fire Magic
  2314 | D:4      | Reached skill level 1 in Ice Magic
  2314 | D:4      | Reached skill level 1 in Air Magic
  2314 | D:4      | Reached skill level 1 in Earth Magic
  2314 | D:4      | Reached skill level 1 in Poison Magic
  2329 | D:4      | HP: 9/41 [something (3)]
  2333 | D:4      | Reached XP level 5. HP: 10/47 MP: 6/6
  2871 | D:4      | Noticed an ice beast
  2896 | D:4      | Killed an ice beast
  2897 | D:4      | Reached skill level 2 in Invocations
  2897 | D:4      | Reached XP level 6. HP: 14/53 MP: 8/8
  3485 | D:5      | Entered Level 5 of the Dungeon
  3525 | D:5      | Found a staircase to the Ecumenical Temple.
  3547 | D:5      | Found a glowing drain.
  3563 | D:5      | Reached skill level 2 in Short Blades
  3563 | D:5      | Reached skill level 2 in Long Blades
  3563 | D:5      | Reached skill level 5 in Axes
  3563 | D:5      | Reached skill level 2 in Maces & Flails
  3563 | D:5      | Reached skill level 2 in Polearms
  3563 | D:5      | Reached skill level 2 in Staves
  3563 | D:5      | Reached skill level 2 in Slings
  3563 | D:5      | Reached skill level 2 in Bows
  3563 | D:5      | Reached skill level 2 in Crossbows
  3563 | D:5      | Reached skill level 2 in Throwing
  3563 | D:5      | Reached skill level 2 in Dodging
  3563 | D:5      | Reached skill level 2 in Stealth
  3563 | D:5      | Reached skill level 2 in Unarmed Combat
  3563 | D:5      | Reached skill level 2 in Spellcasting
  3563 | D:5      | Reached skill level 2 in Evocations
  3636 | D:5      | Noticed a black bear
  3638 | Sewer    | Entered a sewer
  3770 | Sewer    | Reached XP level 7. HP: 57/59 MP: 10/10
  3954 | Sewer    | Reached skill level 7 in Fighting
  3954 | Sewer    | Reached skill level 7 in Armour
  3954 | Sewer    | Reached skill level 7 in Shields
  4317 | Sewer    | You pick up a book of the Senses and begin reading...
  4317 | Sewer    | You add the spells Dazzling Flash, Agony and Silence to
                  | your library.
  4461 | D:5      | Reached skill level 2 in Conjurations
  4461 | D:5      | Reached skill level 2 in Hexes
  4461 | D:5      | Reached skill level 2 in Summonings
  4461 | D:5      | Reached skill level 2 in Necromancy
  4461 | D:5      | Reached skill level 2 in Translocations
  4461 | D:5      | Reached skill level 2 in Transmutations
  4461 | D:5      | Reached skill level 2 in Fire Magic
  4461 | D:5      | Reached skill level 2 in Ice Magic
  4461 | D:5      | Reached skill level 2 in Air Magic
  4461 | D:5      | Reached skill level 2 in Earth Magic
  4461 | D:5      | Reached skill level 2 in Poison Magic
  4914 | D:5      | Reached skill level 3 in Invocations
  5046 | D:5      | Reached XP level 8. HP: 67/67 MP: 12/12
  5567 | D:6      | Reached skill level 3 in Short Blades
  5567 | D:6      | Reached skill level 3 in Long Blades
  5567 | D:6      | Reached skill level 3 in Maces & Flails
  5567 | D:6      | Reached skill level 3 in Polearms
  5567 | D:6      | Reached skill level 3 in Staves
  5567 | D:6      | Reached skill level 3 in Slings
  5567 | D:6      | Reached skill level 3 in Bows
  5567 | D:6      | Reached skill level 3 in Crossbows
  5567 | D:6      | Reached skill level 3 in Throwing
  5567 | D:6      | Reached skill level 3 in Dodging
  5567 | D:6      | Reached skill level 3 in Stealth
  5567 | D:6      | Reached skill level 3 in Unarmed Combat
  5567 | D:6      | Reached skill level 3 in Spellcasting
  5567 | D:6      | Reached skill level 3 in Evocations
  5934 | D:6      | You pick up a book of the Dragon and begin reading...
  5934 | D:6      | You add the spells Cause Fear, Dragon Form and Dragon's
                  | Call to your library.
  6718 | D:7      | Noticed Harold
  6741 | D:7      | HP: 13/67 [Harold (10)]
  6743 | D:7      | Killed Harold
  6744 | D:7      | Reached skill level 4 in Short Blades
  6744 | D:7      | Reached skill level 4 in Long Blades
  6744 | D:7      | Reached skill level 6 in Axes
  6744 | D:7      | Reached skill level 4 in Maces & Flails
  6744 | D:7      | Reached skill level 4 in Polearms
  6744 | D:7      | Reached skill level 4 in Staves
  6744 | D:7      | Reached skill level 4 in Slings
  6744 | D:7      | Reached skill level 4 in Bows
  6744 | D:7      | Reached skill level 4 in Crossbows
  6744 | D:7      | Reached skill level 4 in Throwing
  6744 | D:7      | Reached skill level 4 in Dodging
  6744 | D:7      | Reached skill level 4 in Stealth
  6744 | D:7      | Reached skill level 4 in Unarmed Combat
  6744 | D:7      | Reached skill level 4 in Spellcasting
  6744 | D:7      | Reached skill level 3 in Conjurations
  6744 | D:7      | Reached skill level 3 in Hexes
  6744 | D:7      | Reached skill level 3 in Summonings
  6744 | D:7      | Reached skill level 3 in Necromancy
  6744 | D:7      | Reached skill level 3 in Translocations
  6744 | D:7      | Reached skill level 3 in Transmutations
  6744 | D:7      | Reached skill level 3 in Fire Magic
  6744 | D:7      | Reached skill level 3 in Ice Magic
  6744 | D:7      | Reached skill level 3 in Air Magic
  6744 | D:7      | Reached skill level 3 in Earth Magic
  6744 | D:7      | Reached skill level 3 in Poison Magic
  6744 | D:7      | Reached skill level 4 in Invocations
  6744 | D:7      | Reached skill level 4 in Evocations
  6744 | D:7      | Reached XP level 9. HP: 11/74 MP: 13/15
  6747 | D:7      | HP: 15/74 [white imp (4)]
  7393 | D:7      | Noticed Dowan
  7395 | D:7      | Noticed Duvessa
  7409 | D:7      | Killed Dowan
  7418 | D:7      | HP: 18/74 [Duvessa (8)]
  7422 | D:7      | Killed Duvessa
  7894 | D:7      | Noticed Joseph
  8081 | D:7      | Killed Joseph
  8082 | D:7      | Reached skill level 8 in Fighting
  8082 | D:7      | Reached skill level 8 in Armour
  8082 | D:7      | Reached skill level 8 in Shields
  8082 | D:7      | Reached skill level 5 in Invocations
  8375 | D:7      | Found an iron altar of Okawaru.
  8375 | D:7      | Found a stormy altar of Qazlal.
  8732 | Temple   | Entered the Ecumenical Temple
  8893 | Temple   | Became a worshipper of Ashenzari the Shackled
  9363 | D:8      | Noticed Psyche
  9544 | D:7      | HP: 17/74 [poisoned by Psyche]
  9549 | D:7      | HP: 13/74 [poisoned by Psyche]
  9856 | D:8      | Killed Psyche
 10156 | D:8      | Reached skill level 4 in Conjurations
 10156 | D:8      | Reached skill level 4 in Hexes
 10156 | D:8      | Reached skill level 4 in Summonings
 10156 | D:8      | Reached skill level 4 in Necromancy
 10156 | D:8      | Reached skill level 4 in Translocations
 10156 | D:8      | Reached skill level 4 in Transmutations
 10156 | D:8      | Reached skill level 4 in Fire Magic
 10156 | D:8      | Reached skill level 4 in Ice Magic
 10156 | D:8      | Reached skill level 4 in Air Magic
 10156 | D:8      | Reached skill level 4 in Earth Magic
 10156 | D:8      | Reached skill level 4 in Poison Magic
 10156 | D:8      | Reached XP level 10. HP: 80/80 MP: 17/17
 10810 | D:8      | Reached skill level 5 in Short Blades
 10810 | D:8      | Reached skill level 5 in Long Blades
 10810 | D:8      | Reached skill level 5 in Maces & Flails
 10810 | D:8      | Reached skill level 5 in Polearms
 10810 | D:8      | Reached skill level 5 in Staves
 10810 | D:8      | Reached skill level 5 in Slings
 10810 | D:8      | Reached skill level 5 in Bows
 10810 | D:8      | Reached skill level 5 in Crossbows
 10810 | D:8      | Reached skill level 5 in Throwing
 10810 | D:8      | Reached skill level 5 in Dodging
 10810 | D:8      | Reached skill level 5 in Stealth
 10810 | D:8      | Reached skill level 5 in Unarmed Combat
 10810 | D:8      | Reached skill level 5 in Spellcasting
 10810 | D:8      | Reached skill level 5 in Evocations
 11542 | D:8      | Found an ancient bone altar of Kikubaaqudgha.
 11579 | D:8      | Reached skill level 7 in Axes
 12206 | D:8      | Noticed a deep elf zephyrmancer
 12217 | D:8      | Killed a deep elf zephyrmancer
 12532 | D:9      | Found a bloodstained altar of Trog.
 12532 | D:9      | Found a glowing golden altar of the Shining One.
 12675 | D:9      | Found a runed translucent gate.
 12676 | D:9      | Found a runed translucent gate.
 12676 | D:9      | Found an opulent altar of Gozag.
 12677 | D:9      | Found a runed translucent gate.
 12679 | D:9      | Noticed a stone giant
 12681 | D:9      | Noticed an obsidian statue
 12681 | D:9      | Noticed dolemite99's ghost (novice DsBe)
 12682 | D:9      | Noticed a boulder beetle
 12721 | D:9      | Found a staircase to the Orcish Mines.
 13132 | D:9      | Reached skill level 6 in Invocations
 13236 | D:9      | HP: 17/82 [orc warrior (15)]
 13597 | D:8      | HP: 14/82 [gnoll sergeant (7)]
 13597 | D:8      | Slain by an orc warrior

Vanquished Creatures
  Harold (D:7)
  A deep elf zephyrmancer (D:8)
  Joseph (D:7)
  Psyche (D:8)
  2 water moccasins
  Duvessa (D:7)
  2 ice beasts
  2 black bears
  A sky beast (D:8)
  A necrophage (D:8)
  4 ogres
  A centaur (D:7)
  5 kobold brigands
  2 phantoms (D:5)
  A gnoll sergeant (D:9)
  2 bullfrogs
  A scorpion (D:6)
  Dowan (D:7)
  5 killer bees (D:8)
  10 wights (D:8)
  6 centaur zombies
  A bullfrog zombie (D:7)
  A human zombie (D:8)
  6 hounds
  An orc priest (D:4)
  An iguana (D:4)
  2 orc wizards
  3 killer bee zombies
  3 mummies (D:8)
  12 adders
  2 gnolls (D:9)
  5 river rats (Sewer)
  3 white imps
  2 adder skeletons
  A worm (D:4)
  2 dart slugs
  11 orcs
  5 endoplasms
  4 giant cockroaches (D:2)
  3 hobgoblins
  4 quokkas
  10 ball pythons
  2 bats (D:3)
  4 frilled lizards
  6 goblins
  12 kobolds
  13 rats
170 creatures vanquished.

Vanquished Creatures (others)
  An orc (D:8)
  4 fungi (D:2)
  2 plants (D:2)
7 creatures vanquished.

Grand Total: 177 creatures vanquished

Table legend:
 A = Non-vault XP
 B = Vault XP
 C = Vault XP percentage of total XP
 D = Non-vault monster count
 E = Vault monster count
 F = Vault count percentage of total count
                 A         B        C        D         E       F
            +---------+---------+-------+---------+---------+-------
      Total |    3847 |    3517 |  47.8 |     116 |      54 |  31.8
            +---------+---------+-------+---------+---------+-------
        D:1 |      14 |       0 |   0.0 |       9 |       0 |   0.0
        D:2 |      39 |       0 |   0.0 |      15 |       0 |   0.0
        D:3 |      28 |       0 |   0.0 |       8 |       0 |   0.0
        D:4 |     331 |       0 |   0.0 |      15 |       0 |   0.0
        D:5 |     662 |       2 |   0.3 |      11 |       2 |  15.4
        D:6 |     327 |       0 |   0.0 |       7 |       0 |   0.0
        D:7 |    1008 |    1535 |  60.4 |      22 |       4 |  15.4
        D:8 |    1246 |    1505 |  54.7 |      25 |      14 |  35.9
        D:9 |     192 |     326 |  62.9 |       4 |       7 |  63.6
      Sewer |       0 |     149 | 100.0 |       0 |      27 | 100.0
            +---------+---------+-------+---------+---------+-------

Illustrated notes

Table legend:
 A = Kills in this place as a percentage of kills in entire the game.
 B = Kills by you in this place as a percentage of kills by you in the entire game.
 C = Kills by friends in this place as a percentage of kills by friends in the entire game.
 D = Other kills in this place as a percentage of other kills in the entire game.
 E = Experience gained in this place as a percentage of experience gained in the entire game.
 F = Experience gained in this place divided by the number of levels of this place that you have seen.
                   A       B       C       D       E      F
               +-------+-------+-------+-------+-------+----------------------
         Total | 100.0 | 100.0 |   N/A |   N/A | 100.0 | 669.5
       Dungeon |  84.1 |  84.1 |   N/A |   N/A |  98.0 | 801.7
         Sewer |  15.9 |  15.9 |   N/A |   N/A |   2.0 | 149.0
               +-------+-------+-------+-------+-------+----------------------

Table legend: (Time is in decaauts)
 A = Elapsed time spent in this place.
 B = Non-inter-level travel time spent in this place.
 C = Inter-level travel time spent in this place.
 D = Time resting spent in this place.
 E = Time spent auto-exploring this place.
 F = Levels seen in this place.
 G = Mean time per level.
                   A        B        C        D        E       F      G
               +--------+--------+--------+--------+--------+-----+--------+
         Total |  13761 |  12500 |   1261 |   3785 |   6581 |  11 | 1251.0 |
       Dungeon |  12679 |  11483 |   1196 |   3487 |   6121 |   9 | 1408.8 |
        Temple |    212 |    147 |     65 |      0 |    131 |   1 |  212.0 |
         Sewer |    869 |    869 |      0 |    298 |    329 |   1 |  869.0 |
               +--------+--------+--------+--------+--------+-----+--------+

Top non-repeatable levels by time:
     D:8: 3174 daAuts
     D:7: 2275 daAuts
     D:4: 1444 daAuts
     D:6: 1429 daAuts
     D:5: 1173 daAuts
     D:1: 1128 daAuts
   Sewer: 869 daAuts
     D:2: 782 daAuts
     D:9: 643 daAuts
     D:3: 626 daAuts
  Temple: 212 daAuts
